 Dungeon Crawl Stone Soup version 0.20-a0-427-g8b12978 (webtiles) character file.

110592 MirrMurr the Bludgeoner (level 16, -3/106 HPs)
             Began as a Gargoyle Berserker on Jan 1, 2017.
             Was the Champion of Trog.
             Killed from afar by Ilsuiw (17 damage)
             ... with a shard of ice
             ... on level 4 of the Shoals.
             The game lasted 01:10:34 (27489 turns).

MirrMurr the Bludgeoner (Gargoyle Berserker)       Turns: 27489, Time: 01:10:35

Health: -3/106     AC: 44    Str: 21    XL:     16   Next: 55%
Magic:  16/16      EV:  6    Int: 10    God:    Trog [******]
Gold:   1916       SH:  9    Dex: 14    Spells: 15/15 levels left

rFire  + + .     SeeInvis +     a - +7 eveningstar (holy)
rCold  . . .     Gourm    .     S - +0 crystal plate armour
rNeg   + . .     Faith    .     d - +2 buckler {rF+}
rPois  ∞         Spirit   .     I - +2 helmet {SInv}
rElec  +         Reflect  .     u - +1 cloak {+Inv}
rCorr  +         Harm     .     k - +1 pair of gloves
MR     +....                    x - +0 pair of boots
Stlth  ..........               (no amulet)
                                t - ring of protection from fire
                                G - ring of resist corrosion

@: exhausted, engulfed, flying, starving, slowed, very slow
A: big wings, negative energy resistance 1, electricity resistance, unbreathing,
petrification resistance, rot immunity, AC +11
a: Stop Flying, Berserk, Trog's Hand, Brothers in Arms, Burn Spellbooks,
Renounce Religion, Evoke Invisibility


You were on level 4 of the Shoals.
You worshipped Trog.
Trog was exalted by your worship.
You were starving.

You visited 5 branches of the dungeon, and saw 23 of its levels.
You also visited: Ossuary and Bailey.

You collected 2291 gold pieces.
You spent 375 gold pieces at shops.

Inventory:

Hand Weapons
 a - a +7 eveningstar of holy wrath (weapon)
Missiles
 j - 40 poisoned needles
 l - 8 curare-tipped needles
 w - 6 throwing nets
 D - 19 tomahawks
 J - 51 tomahawks of returning (quivered)
 P - 13 needles of confusion
 R - 2 silver tomahawks
Armour
 d - a +2 buckler of fire resistance (worn)
 k - a +1 pair of gloves (worn)
 u - a +1 cloak of invisibility (worn)
 x - a +0 pair of boots (worn)
 I - a +2 helmet of see invisible (worn)
 S - a +0 crystal plate armour (worn)
Jewellery
 t - a ring of protection from fire (right hand)
 G - a ring of resist corrosion (left hand)
Wands
 f - a wand of lightning (5/15)
 B - a wand of iceblast (9/15)
 E - a wand of iceblast (9/15)
 K - a wand of digging (0/24)
 L - a wand of disintegration (19/24)
 O - a wand of iceblast (9/15)
 T - a wand of digging (9/24)
 U - a wand of lightning (9/15)
 V - a wand of flame (40/48)
 W - a wand of lightning (6/15)
 X - a wand of acid (7/15)
Scrolls
 g - 4 scrolls of teleportation
 i - 10 scrolls of identify
 r - 7 scrolls of remove curse
 s - 3 scrolls of magic mapping
 v - 4 scrolls of recharging
 y - 4 scrolls of enchant armour
 M - a scroll of fear
 Q - a scroll of fog
 Y - a scroll of enchant weapon
Potions
 b - 4 potions of berserk rage
 e - 3 potions of haste
 m - 2 potions of heal wounds
 o - 19 potions of curing
 A - 3 potions of ambrosia
 C - 6 potions of might
 F - 6 potions of resistance
 H - 2 potions of invisibility
Comestibles
 c - 15 bread rations
 n - 12 meat rations
 p - 5 beef jerkies
 q - 22 fruits
 z - 3 slices of pizza


   Skills:
 + Level 14.0 Fighting
 * Level 19.0 Maces & Flails
 + Level 1.4 Throwing
 + Level 13.0 Armour
 + Level 3.2 Dodging
 + Level 12.6 Shields
 + Level 0.8 Evocations


You had 15 spell levels left.
You didn't know any spells.

Dungeon Overview and Level Annotations

Branches:
Dungeon (10/15)            Temple (1/1) D:5            Lair (6/6) D:10
 Shoals (4/4) Lair:3        Snake (0/4) Lair:2        Slime (0/5) Lair:5
    Orc (2/2) D:10            Elf (0/3) Orc:2

Altars:
Ashenzari
Cheibriados
Elyvilon
Gozag
Hepliaklqana
Kikubaaqudgha
Makhleb
Okawaru
Trog
Uskayaw
Xom
Yredelemnul
Zin
Jiyva

Shops:
D:5 *   D:7 }   Orc:2 !!%

Annotations:
Lair:5 exclusion: 2 oklob plants
Shoals:4 Ilsuiw


Innate Abilities, Weirdness & Mutations

You are resistant to torment.
Your stone body is resilient. (AC +11)
You are immune to poison.
Your large and strong wings let you fly indefinitely.
You resist negative energy. (rN+)
You are resistant to electric shocks. (rElec)
You can survive without breathing.
You are immune to petrification.
You are immune to rotting.


Message History

Ilsuiw is almost dead.
The merfolk javelineer hits you but does no damage.
The merfolk impaler hits you but does no damage.
The merfolk hits you but does no damage.
You block the water elemental's attack.
Ilsuiw hits you with a trident of freezing.
* * * LOW HITPOINT WARNING * * *
Ilsuiw freezes you.
* * * LOW HITPOINT WARNING * * *
The water elemental hits you.
The merfolk impaler hits you but does no damage.
The merfolk javelineer hits you with a spear of venom.
* * * LOW HITPOINT WARNING * * *
You sock Ilsuiw!
Ilsuiw is almost dead.
The merfolk hits you but does no damage.
You block the water elemental's attack.
Ilsuiw points at you and mumbles some strange words.
The shard of ice hits you!
You die...

≈≈≈≈≈PP≈≈..PPP..≈......m......
≈≈≈≈≈PP≈≈≈≈≈≈≈≈≈≈≈.....≈......
≈≈≈≈≈PP≈PP..≈≈≈≈≈.....≈≈......
≈≈≈≈≈≈PPP.P.P........≈≈≈≈≈≈≈.
≈≈≈≈≈≈P.PP....P.....≈≈≈≈≈#
.≈≈≈≈P....P.........≈((#######
..≈≈≈P..........E..≈≈##≈≈≈≈#≈##
.)≈≈≈.....P...mmEm≈≈≈##≈≈≈≈≈≈≈#
...≈...........)@m≈≈≈≈##≈#=#≈## ≈
.....≈≈≈......).E≈≈≈≈≈##≈≈≈≈≈# .
....≈≈≈≈.......≈≈≈≈≈≈###≈#≈#≈## .
...≈≈≈≈≈≈.......≈≈≈≈≈≈#≈≈≈≈≈≈≈##.
#..≈≈.≈≈.........≈≈≈≈≈##≈##≈≈)#..
#..≈....##.<......≈≈≈≈≈#######(..
.....≈..####.........≈≈#######)≈.
.....≈.## #...........≈......≈≈.
.###.≈..#####.............≈≈≈≈≈..


You could see Ilsuiw (invisible), a merfolk impaler, a merfolk javelineer, a
merfolk and 3 water elementals.

Vanquished Creatures
  Rupert (Lair:6)
  A titan (Shoals:3)
  2 orc warlords
  Nessos (Lair:4)
  Josephine (Lair:4)
  5 merfolk impalers
  A merfolk javelineer (Shoals:4)
  A fire dragon (Lair:6)
  3 hydras
  2 satyrs
  2 merfolk avatars
  2 merfolk aquamancers
  4 death yaks (Lair:3)
  2 alligator snapping turtles (Shoals:4)
  7 two-headed ogres
  An orc high priest (D:10)
  2 fire crabs
  8 sea snakes
  23 harpies
  4 orc knights
  3 orc sorcerers
  8 fauns
  3 cyclopes (Shoals:3)
  11 manticores
  8 elephants
  9 merfolk sirens
  3 molten gargoyles (Lair:6)
  5 black mambas
  4 water nymphs
  13 spiny frogs
  2 torpor snails (Lair:6)
  3 rime drakes
  13 komodo dragons
  3 polar bears
  24 merfolk
  3 trolls
  A hornet (D:4)
  A wind drake (Shoals:3)
  4 blink frogs (Lair:1)
  7 snapping turtles
  7 hippogriffs
  5 dream sheep (Lair:5)
  A spriggan (D:9)
  The ghost of Geomchi the Digger, an amateur DEEE (D:4)
  5 wyverns
  29 yaks
  6 basilisks
  5 fire bats
  A steam dragon (Lair:6)
  6 wraiths
  6 water elementals
  4 hell hounds (Lair:6)
  7 wargs
  3 nagas (Lair:2)
  13 water moccasins
  45 orc warriors
  10 porcupines
  3 ice beasts
  13 ogres
  2 black bears
  3 phantoms
  16 centaurs
  16 wolves
  16 crocodiles
  A big kobold (D:7)
  14 bullfrogs
  4 water moccasin zombies (Ossuary)
  A wyvern skeleton (D:8)
  2 scorpions
  20 killer bees
  7 wights
  A spectral bullfrog (D:10)
  4 howler monkeys
  2 vampire bats (D:2)
  4 crimson imps
  A centaur zombie (D:6)
  7 lava snakes
  A quasit (D:8)
  2 bullfrog zombies
  8 hounds
  Crazy Yiuf (D:3)
  18 orc wizards
  15 orc priests
  4 jellies
  5 bullfrog skeletons
  Natasha (thrice) (D:3)
  Terence (D:2)
  5 iguanas
  5 worker ants
  5 big kobold zombies (Ossuary)
  2 mummies (Ossuary)
  2 worker ant zombies
  5 gnolls
  A howler monkey skeleton (D:6)
  14 adders
  3 shadow imps
  An ooze (D:4)
  2 adder zombies
  An adder skeleton (D:5)
  A worm (D:2)
  7 dart slugs
  10 leopard geckos
  95 orcs
  12 bats
  3 bat skeletons (D:2)
  3 bat zombies (D:2)
  4 giant cockroaches
  16 goblins
  16 hobgoblins
  2 jackals (D:5)
  21 kobolds
  4 quokkas
  3 ball pythons
  5 frilled lizards
  2 gnoll zombies (Ossuary)
  5 hobgoblin zombies (Ossuary)
  3 kobold zombies (Ossuary)
  3 orc zombies (Ossuary)
  A quokka skeleton (D:6)
  A quokka zombie (D:5)
  7 rats
820 creatures vanquished.

Vanquished Creatures (others)
  A basilisk (Lair:6)
  21 fungi
  9 plants
31 creatures vanquished.

Grand Total: 851 creatures vanquished

Notes
Turn   | Place    | Note
-------+----------+-------------------------------------------
     0 | D:1      | MirrMurr the Gargoyle Berserker began the quest for the Orb.
     0 | D:1      | Reached XP level 1. HP: 14/14 MP: 1/1
    82 | D:1      | Reached XP level 2. HP: 16/19 MP: 2/2
   368 | D:1      | Reached XP level 3. HP: 23/23 MP: 3/3
   582 | D:2      | Noticed Terence
   596 | D:1      | Reached skill level 4 in Maces & Flails
   687 | D:2      | Found a bloodstained altar of Trog.
   976 | D:2      | Reached ** piety under Trog
  1149 | D:2      | Reached XP level 4. HP: 29/29 MP: 4/4
  1250 | D:2      | Found an ancient bone altar of Kikubaaqudgha.
  1263 | D:2      | Reached skill level 5 in Maces & Flails
  1263 | D:2      | Reached XP level 5. HP: 27/33 MP: 5/5
  1351 | D:2      | Found a shimmering altar of Xom.
  1502 | D:2      | Killed Terence
  1674 | D:3      | Reached XP level 6. HP: 38/38 MP: 6/6
  1721 | D:3      | Found a faded altar of an unknown god.
  1782 | D:3      | Reached *** piety under Trog
  1919 | D:3      | Found a runed door.
  1923 | D:3      | Noticed Crazy Yiuf
  1930 | D:3      | Killed Crazy Yiuf
  1930 | D:3      | Reached skill level 6 in Maces & Flails
  2234 | D:3      | Noticed Natasha
  2238 | D:3      | Killed Natasha
  2449 | D:3      | Noticed Natasha
  2472 | D:3      | Killed Natasha
  2627 | D:3      | Noticed Natasha
  2643 | D:3      | Killed Natasha
  2769 | D:4      | Reached XP level 7. HP: 44/44 MP: 7/7
  2945 | D:4      | Reached skill level 7 in Maces & Flails
  2949 | D:4      | Found a hide-covered altar of Uskayaw.
  3030 | D:4      | Noticed a hornet
  3031 | D:4      | Reached **** piety under Trog
  3049 | D:4      | Killed a hornet
  3049 | D:4      | Reached XP level 8. HP: 21/48 MP: 8/8
  3056 | D:4      | Reached skill level 8 in Maces & Flails
  3088 | D:4      | Noticed Geomchi's ghost (amateur DEEE)
  3151 | D:4      | Killed Geomchi's ghost
  3151 | D:4      | Reached skill level 5 in Fighting
  3264 | D:4      | Found a sand-covered staircase.
  3270 | Ossuary  | Entered an ossuary
  3441 | Ossuary  | Reached skill level 9 in Maces & Flails
  3840 | D:5      | Entered Level 5 of the Dungeon
  3871 | D:5      | Reached skill level 5 in Armour
  3888 | D:5      | Found a staircase to the Ecumenical Temple.
  3897 | Temple   | Entered the Ecumenical Temple
  3924 | D:5      | Found a basalt altar of Yredelemnul.
  3994 | D:5      | Reached ***** piety under Trog
  4135 | D:5      | Reached XP level 9. HP: 48/54 MP: 9/9
  4349 | D:5      | Reached skill level 10 in Maces & Flails
  4356 | D:5      | Reached skill level 1 in Shields
  4460 | D:5      | Found Witauly's Assorted Antiques.
  5284 | D:6      | Reached skill level 11 in Maces & Flails
  5309 | D:6      | Received a gift from Trog
  5541 | D:7      | Found a flagged portal.
  5570 | Bailey   | Entered a bailey
  5575 | Bailey   | Noticed an orc warlord
  5661 | Bailey   | Reached XP level 10. HP: 45/61 MP: 10/10
  5815 | Bailey   | Found a runed gate.
  5817 | Bailey   | Found a runed gate.
  5818 | Bailey   | Found a runed gate.
  6081 | Bailey   | Killed an orc warlord
  6081 | Bailey   | Reached skill level 12 in Maces & Flails
  6125 | Bailey   | Identified a scroll of acquirement
  6390 | D:7      | Received a gift from Trog
  6518 | D:7      | Found a shattered altar of Ashenzari.
  6589 | D:7      | Found a burning altar of Makhleb.
  6591 | D:7      | Noticed a green death
  6690 | D:7      | Found Quyffech's Gadget Boutique.
  7439 | D:8      | Found a snail-covered altar of Cheibriados.
  7698 | D:8      | Found a glowing silver altar of Zin.
  7764 | D:8      | Reached skill level 13 in Maces & Flails
  7768 | D:8      | Gained mutation: You have a beak for a mouth. [potion of beneficial mutation]
  8115 | D:9      | Noticed a two-headed ogre
  8125 | D:9      | Killed a two-headed ogre
  8125 | D:9      | Reached XP level 11. HP: 25/67 MP: 11/11
  8311 | D:9      | Noticed a two-headed ogre
  8323 | D:9      | Killed a two-headed ogre
  8324 | D:9      | Found an iron altar of Okawaru.
  8475 | D:9      | Found an opulent altar of Gozag.
  8630 | D:9      | Noticed a two-headed ogre
  8658 | D:9      | Killed a two-headed ogre
  8927 | D:9      | Found a hazy altar of Hepliaklqana.
  8927 | D:9      | Found a white marble altar of Elyvilon.
  9288 | D:10     | Entered Level 10 of the Dungeon
  9351 | D:10     | Received a gift from Trog
  9374 | D:10     | Found a staircase to the Orcish Mines.
  9499 | D:10     | Reached skill level 14 in Maces & Flails
  9740 | D:10     | Reached skill level 5 in Shields
  9823 | D:10     | Found a staircase to the Lair.
  9856 | D:10     | Noticed a two-headed ogre
  9872 | D:10     | Killed a two-headed ogre
 10010 | D:10     | Noticed a two-headed ogre
 10037 | D:10     | Killed a two-headed ogre
 10105 | D:10     | Reached XP level 12. HP: 47/75 MP: 12/12
 10150 | D:10     | Noticed a two-headed ogre
 10160 | D:10     | Killed a two-headed ogre
 10279 | Lair:1   | Entered Level 1 of the Lair of Beasts
 11541 | Lair:2   | Noticed a seven-headed hydra
 11549 | Lair:2   | Killed a seven-headed hydra
 11619 | Lair:2   | Found a staircase to the Snake Pit.
 11780 | Lair:2   | Received a gift from Trog
 12105 | Lair:2   | Reached skill level 15 in Maces & Flails
 12368 | Lair:2   | Noticed a six-headed hydra
 12377 | Lair:2   | Killed a six-headed hydra
 12721 | Lair:3   | Noticed a death yak
 12722 | Lair:3   | Noticed a death yak
 12729 | Lair:3   | Noticed a death yak
 12732 | Lair:3   | Noticed a death yak
 12737 | Lair:3   | Killed a death yak
 12761 | Lair:3   | Killed a death yak
 12780 | Lair:3   | Killed a death yak
 12798 | Lair:3   | Killed a death yak
 12798 | Lair:3   | Reached XP level 13. HP: 52/82 MP: 13/13
 12866 | Lair:3   | Reached skill level 10 in Fighting
 13050 | Lair:3   | Found a staircase to the Shoals.
 14149 | Lair:4   | Noticed Josephine
 14173 | Lair:4   | Killed Josephine
 14214 | Lair:4   | Noticed Nessos
 14270 | Lair:4   | Killed Nessos
 14684 | Lair:4   | Found an iron altar of Okawaru.
 14940 | Lair:5   | Reached skill level 16 in Maces & Flails
 14973 | Lair:5   | Found a staircase to the Slime Pits.
 14975 | Lair:5   | Found a viscous altar of Jiyva.
 14986 | Lair:5   | Reached skill level 1 in Throwing
 15373 | Lair:5   | Received a gift from Trog
 15381 | Lair:5   | Reached skill level 10 in Armour
 16116 | Lair:6   | Entered Level 6 of the Lair of Beasts
 16143 | Lair:6   | Noticed Rupert
 16184 | Lair:6   | Killed Rupert
 16189 | Lair:6   | Gained mutation: Your large and strong wings let you fly indefinitely. [Gargoyle growth]
 16189 | Lair:6   | Reached XP level 14. HP: 33/90 MP: 14/14
 16479 | Lair:6   | Reached skill level 10 in Shields
 17550 | Lair:6   | Received a gift from Trog
 17643 | Lair:6   | Reached skill level 17 in Maces & Flails
 18265 | Lair:6   | Found a large runed door.
 18265 | Lair:6   | Found a large runed door.
 18824 | Orc:1    | Entered Level 1 of the Orcish Mines
 19430 | Orc:2    | Entered Level 2 of the Orcish Mines
 19890 | Orc:2    | Noticed an orc warlord
 20057 | Orc:1    | Received a gift from Trog
 20060 | Orc:1    | Got a polished morningstar {god gift}
 20061 | Orc:1    | Identified the +7 morningstar of the Walnut {crush, Str+2} (Trog gifted it to you on level 1 of the Orcish Mines)
 21008 | Orc:2    | Found Cess's Antique Armour Boutique.
 21008 | Orc:2    | Found Huaqe's Distillery.
 21008 | Orc:2    | Found Loitsiul's Distillery.
 21011 | Orc:2    | Found Ogiug's Food Shop.
 21151 | Orc:2    | Bought a potion of cure mutation for 375 gold pieces
 21151 | Orc:2    | Lost mutation: You have a beak for a mouth. [potion of cure mutation]
 21320 | Orc:2    | Found a staircase to the Elven Halls.
 21480 | Orc:2    | Reached XP level 15. HP: 97/97 MP: 15/15
 21873 | Orc:1    | Killed an orc warlord
 22162 | Shoals:1 | Entered Level 1 of the Shoals
 22750 | Shoals:1 | Received a gift from Trog
 23276 | Shoals:1 | Reached skill level 18 in Maces & Flails
 24916 | Shoals:3 | Noticed a titan
 24975 | Shoals:3 | Killed a titan
 25286 | Shoals:2 | Reached XP level 16. HP: 70/104 MP: 16/16
 25706 | Shoals:3 | Reached ****** piety under Trog
 26112 | Shoals:4 | Entered Level 4 of the Shoals
 26246 | Shoals:4 | Received a gift from Trog
 27414 | Shoals:4 | Noticed Ilsuiw
 27459 | Shoals:4 | Reached skill level 19 in Maces & Flails
 27489 | Shoals:4 | Killed from afar by Ilsuiw

Vault maps used:
D:1:      dpeg_arrival_chase
D:2:      kennysheep_vampire_church, lemuel_crystal_altar, lemuel_round_altar,
          uniq_terence
D:3:      cheibrodos_greedy_goblins, first_bread,
          chequers_ecumenical_altar_island, uniq_natasha,
          uniq_crazy_yiuf_cottage
D:4:      kennysheep_mini_moat, enter_ossuary_5
D:5:      lemuel_round_altar, serial_shops, shop, kennysheep_generic_room_6
D:6:      minivault_25
D:7:      makhleb_altar_promises_db, enter_bailey_2, serial_shops,
          nicolae_shop_window_shopping, basic_altar
D:8:      zin_treasury, marbit_many_paths
D:9:      nicolae_overflow_hidden_temple, nicolae_overflow_crystal_walls,
          gammafunk_temple_overflow_elements, the_bakery,
          minmay_misc_feat_ornament, eino_jars
D:10:     grunt_lair_entry_orc_guard_hut, orc_0_dummy, hangedman_weighted_door
Temple:   jpeg_temple_island
Lair:1:   st_stairs_5, minivault_27, guppyfry_lair_drakes
Lair:2:   minmay_snake_entry_guardpost_small, beast_lair_carwin_11,
          lemuel_fruit_fields, serial_bayou_shore_b
Lair:3:   shoals_dummy_entry
Lair:4:   basic_altar, uniq_nessos, uniq_josephine
Lair:5:   slime_altar_1, grunt_megastairs_3, minmay_lair_oklob_chamber
Lair:6:   cheibrodos_lair_end_hotspot, uniq_rupert
Shoals:1: nicolae_shoals_cliffside_cave
Shoals:2: hangedman_shoal_volcano
Shoals:3: cheibrodos_shoals_gigantism
Shoals:4: shoals_end_grunt_ice, shoal_ilsuiw
Orc:2:    st_orc_rangers
Ossuary:  ossuary_tomb_2
Bailey:   bailey_axe_bossmonster_kennysheep, bailey

Skill      XL: |  1  2  3  4  5  6  7  8  9 10 11 12 13 14 15 16 |
---------------+-------------------------------------------------+-----
Maces & Flails | 4 5 6 7 9 11 13 14 15 16 17 18 19 | 19.0
Fighting       | 4 5 6 7 8 9 11 12 13 14 | 14.0
Armour         | 3 4 5 6 7 8 10 11 12 13 | 13.0
Dodging        | 2 3 |  3.2
Shields        | 2 4 5 8 9 10 12 | 12.6
Throwing       | 1 |  1.4
Evocations     | |  0.8

Action                   |  1- 3 |  4- 6 |  7- 9 | 10-12 | 13-15 | 16-18 || total
-------------------------+-------+-------+-------+-------+-------+-------++-------
Melee: Mace              |   131 |   193 |   578 |    99 |       |       ||  1001
       Flail             |       |       |       |   819 |  1154 |       ||  1973
       Peck              |       |       |       |   140 |   298 |       ||   438
       Morningstar       |       |       |       |       |   592 |   158 ||   750
       Eveningstar       |       |       |       |       |       |   181 ||   181
Throw: Tomahawk          |       |       |       |       |    18 |       ||    18
Invok: Berserk           |       |     3 |     2 |     4 |    11 |     1 ||    21
       Trog's Hand       |       |       |     1 |     2 |     6 |     1 ||    10
       Burn Spellbooks   |       |       |     1 |     1 |     5 |       ||     7
       Brothers in Arms  |       |       |       |       |       |     1 ||     1
 Abil: Fly               |       |       |       |       |     1 |       ||     1
Evoke: Wand              |       |       |       |       |     4 |       ||     4
  Use: Scroll            |     8 |     3 |     6 |    13 |     6 |     3 ||    39
       Potion            |       |       |       |     4 |     4 |     2 ||    10
 Stab: Distracted        |       |       |     1 |       |       |       ||     1
  Eat: Chunk             |     1 |     8 |    13 |    27 |    45 |     7 ||   101
       Beef jerky        |       |       |       |       |     1 |       ||     1
       Bread ration      |       |       |       |       |     1 |       ||     1
       Royal jelly       |       |       |       |       |     1 |       ||     1
       Pizza             |       |       |       |       |     1 |       ||     1
Armor: Animal skin       |    24 |       |       |       |       |       ||    24
       Chain mail        |    24 |   166 |   304 |    54 |       |       ||   548
       Plate armour      |       |       |       |   285 |       |       ||   285
       Crystal plate arm |       |       |       |   273 |  1674 |   481 ||  2428
Dodge: Dodged            |    75 |    96 |   202 |   237 |   481 |   119 ||  1210
Block: Buckler           |       |       |    71 |   208 |   579 |   231 ||  1089
